 Dungeon Crawl Stone Soup version 0.20-a0-1114-g33edf32 (webtiles) character file.

257 JeffiDaFish the Firebug (level 5, -3/40 HPs)
             Began as a Draconian Fire Elementalist on May 6, 2017.
             Slain by an orc
             ... wielding a +0 flail
              (6 damage)
             ... on level 4 of the Dungeon.
             The game lasted 00:08:39 (3501 turns).

JeffiDaFish the Firebug (DrFE)                      Turns: 3501, Time: 00:08:39

Health: -3/40      AC:  5    Str: 10    XL:     5   Next: 93%
Magic:  4/9        EV: 12    Int: 16    God:
Gold:   157        SH:  0    Dex: 12    Spells: 1/10 levels left

rFire    . . .     SeeInvis .   o - +1 hand axe
rCold    . . .     Gourm    .   (no shield)
rNeg     . . .     Faith    .   (armour unavailable)
rPois    .         Spirit   .   (helmet restricted)
rElec    .         Reflect  .   (no cloak)
rCorr    .         Harm     .   (no gloves)
MR       .....                  (no boots)
Stlth    ++........             (no amulet)
Regen    0.2/turn               h - ring of wizardry
MPRegen  0.2/turn               (no ring)

@: no status effects
A: unfitting armour, cold-blooded, AC +5
a: no special abilities


You were on level 4 of the Dungeon.
You were not hungry.

You visited 1 branch of the dungeon, and saw 4 of its levels.

You collected 157 gold pieces.

Inventory:

Hand Weapons
 o - a +1 hand axe (weapon)
Jewellery
 h - a ring of wizardry (left hand)
Scrolls
 e - a scroll of remove curse
 i - 2 scrolls of amnesia
 p - 2 scrolls of enchant weapon
Potions
 c - 2 potions of brilliance
 g - a potion of haste
 m - a potion of invisibility
 n - 2 potions of curing
Books
 a - a book of Flames

   Spells                             Type                      Level
   a - Flame Tongue                   Conjuration/Fire             1
   b - Throw Flame                    Conjuration/Fire             2
   c - Conjure Flame                  Conjuration/Fire             3
   d - Inner Flame                    Hexes/Fire                   3
   e - Sticky Flame                   Conjuration/Fire             4
   f - Fireball                       Conjuration/Fire             5
 k - a book of Changes

   Spells                             Type                      Level
   a - Beastly Appendage              Transmutation                1
   b - Sticks to Snakes               Transmutation                2
   c - Spider Form                    Transmutation/Poison         3
   d - Ice Form                       Ice/Transmutation            4
   e - Blade Hands                    Transmutation                5
Comestibles
 b - 3 bread rations
 d - a meat ration
 f - a royal jelly
 j - 2 fruits
 l - 2 chunks of flesh


   Skills:
 + Level 1.4 Fighting
   Level 0.2 Short Blades
 + Level 2.4 Dodging
 + Level 2.1 Stealth
 - Level 1.0 Unarmed Combat
 * Level 3.2 Spellcasting
 * Level 2.8 Conjurations
 + Level 1.2 Transmutations
 + Level 4.0 Fire Magic


You had one spell level left.
You knew the following spells:

 Your Spells              Type           Power        Failure   Level  Hunger
a - Flame Tongue          Conj/Fire      ##...        1%          1    None
b - Throw Flame           Conj/Fire      ##....       2%          2    ##.....
c - Sticks to Snakes      Tmut           #.......     7%          2    ##.....
d - Sticky Flame          Conj/Fire      ##......     17%         4    ####...


Dungeon Overview and Level Annotations

Branches:
Dungeon (4/15)
 Temple: D:4-7

Altars:
Hepliaklqana


Innate Abilities, Weirdness & Mutations

Your plain brown scales are hard. (AC +5)
You cannot fit into any form of body armour.
You are cold-blooded and may be slowed by cold attacks.


Message History

Aiming: Flame Tongue
Press: ? - help, Shift-Dir - straight line, f - orc
Aim: an orc, wielding a flail The flame tongue hits the orc.
The orc is moderately wounded.
The orc hits you with a flail.
* * * LOW HITPOINT WARNING * * *
Casting: Flame Tongue
Confirm with . or Enter, or press ? or * to list all spells.
Aiming: Flame Tongue
Press: ? - help, Shift-Dir - straight line, f/p - orc
Aim: an orc, wielding a flail (moderately wounded)
The flame tongue hits the orc.
The orc is severely wounded.
The orc hits you with a flail.
* * * LOW HITPOINT WARNING * * *
You barely miss the orc.
The orc is severely wounded.
The orc hits you with a flail.
You die...

#............#...........
#.......##...#..........o
#.......##...#...........
#........)...##...##....#
#.......##)).###'###....#
#######.......##...##.)..#.....
#....###########.........'.....
#....##.......##.........#.....
#....'........@o.........#....>
#....#........##...##...##S....
#....#........##...##...##.....
#....#..................##.)...
######........##........##.....
#........##...............
#........##...##..........
#........##...#######.....
##.......#....## #...##


You could see an orc.

Vanquished Creatures
  A bullfrog skeleton (D:4)
  2 orc wizards (D:4)
  5 adders
  3 oozes
  A worm (D:3)
  6 dart slugs
  3 leopard geckos
  9 orcs
  2 ball pythons
  3 giant cockroaches
  6 goblins
  10 hobgoblins
  5 jackals
  9 kobolds
  A quokka (D:3)
  9 bats
  6 frilled lizards
  A jackal skeleton (D:4)
  9 rats
91 creatures vanquished.

Notes
Turn   | Place    | Note
-------+----------+-------------------------------------------
     0 | D:1      | JeffiDaFish the Draconian Fire Elementalist began the quest for the Orb.
     0 | D:1      | Reached XP level 1. HP: 14/14 MP: 3/3
   150 | D:1      | Reached XP level 2. HP: 11/20 MP: 0/5
   494 | D:1      | Learned a level 2 spell: Throw Flame
   763 | D:1      | Reached XP level 3. HP: 19/26 MP: 0/6
  1277 | D:2      | Reached skill level 1 in Unarmed Combat
  1394 | D:2      | Learned a level 2 spell: Sticks to Snakes
  1466 | D:2      | Found a hazy altar of Hepliaklqana.
  1613 | D:2      | Reached XP level 4. HP: 23/34 MP: 3/8
  2216 | D:3      | Reached skill level 1 in Fighting
  2518 | D:3      | Reached XP level 5. HP: 16/40 MP: 6/9
  3187 | D:4      | Reached skill level 4 in Fire Magic
  3203 | D:4      | Reached skill level 1 in Transmutations
  3409 | D:4      | Learned a level 4 spell: Sticky Flame
  3501 | D:4      | Slain by an orc

Vault maps used:
D:1:      dpeg_arrival_arbitrary_b
D:2:      nicolae_overflow_hidden_temple
D:3:      first_bread

Skill      XL: |  1  2  3  4  5 |
---------------+----------------+-----
Unarmed Combat | 1 |  1.0
Dodging        | 2 |  2.4
Conjurations   | 2 |  2.8
Fighting       | 1 |  1.4
Stealth        | 2 |  2.1
Spellcasting   | 3 |  3.2
Fire Magic     | 4 |  4.0
Transmutations | 1 |  1.2
Short Blades   | |  0.2

Action                   |  1- 3 |  4- 6 || total
-------------------------+-------+-------++-------
Melee: Unarmed           |    33 |       ||    33
       Tailslap          |     3 |    15 ||    18
       Short sword       |    43 |    81 ||   124
       Hand axe          |       |    57 ||    57
 Cast: Flame Tongue      |    51 |    39 ||    90
       Throw Flame       |     2 |     1 ||     3
  Use: Scroll            |     8 |     3 ||    11
       Potion            |     2 |     2 ||     4
 Stab: Sleeping          |     2 |       ||     2
  Eat: Chunk             |     3 |     6 ||     9
Armor: Skin              |    30 |    39 ||    69
Dodge: Dodged            |    58 |   124 ||   182
